 Dungeon Crawl Stone Soup version 0.30.0-30-g96aa6591b8 (webtiles) character file.

Game seed: 1601261128137945140

253721 safid the Gelid (level 19, -16/157 HPs)
             Began as a Merfolk Ice Elementalist on June 23, 2023.
             Was the Champion of Vehumet.
             Demolished by a purple very ugly thing (26 damage)
             ... on level 2 of the Vaults on June 26, 2023.
             The game lasted 02:25:05 (47412 turns).

safid the Gelid (Merfolk Ice Elementalist)         Turns: 47412, Time: 02:25:05

Health: -16/157    AC:  0    Str: 13    XL:     19   Next: 73%
Magic:  21/35      EV: 13    Int: 23    God:    Vehumet [******]
Gold:   501        SH:  5    Dex: 13    Spells: 4/42 levels left

rFire   + + .        d - +3 Elemental Staff {rElec rF+ rC+ AC+3}
rCold   + + +        p - orb "Mix Muir" {*channel, Stlth+}
rNeg    . . .        y - +2 robe {rC+ rF+}
rPois   +            D - +2 helmet "Zockiem" {rElec rC++}
rElec   +            E - scarf "Najew" {repulsion, rC+ Slay+3}
rCorr   .            A - +2 pair of gloves
SInv    .            f - +2 pair of boots
Will    +....        i - amulet of reflection
Stlth   +++          T - ring of poison resistance
HPRegen 0.46/turn    U - ring of wizardry
MPRegen 0.24/turn

%: repel missiles, reflection, wizardry (x1), channel magic (20%)
@: corroded, very slightly contaminated
A: (nimble swimmer 2), mertail, claws 1, clever 1, strong 1, wild magic 1
}: 2/15 runes: decaying, serpentine
a: Renounce Religion


You were on level 2 of the Vaults.
You worshipped Vehumet.
Vehumet was exalted by your worship.
You visited 6 branches of the dungeon, and saw 32 of its levels.
You also visited: Ossuary, Ice Cave and Wizlab.

You collected 6103 gold pieces.
You spent 5602 gold pieces at shops.

Inventory:

Hand Weapons
 d - the +3 Elemental Staff (weapon) {rElec rF+ rC+ AC+3}
   (You acquired it on level 5 of the Dungeon)

   It enhances your fire, ice, earth and air magic.
   AC:        It affects your AC (+3).
   rF:        It protects you from fire.
   rC:        It protects you from cold.
   rElec:     It insulates you from electricity.
Missiles
 j - 20 curare-tipped darts
 x - 3 throwing nets
Armour
 f - a +2 pair of boots (worn)
 p - the orb "Mix Muir" (worn) {*channel, Stlth+}
   (You bought it in a shop on level 2 of the Orcish Mines)

   Stlth:     It makes you more stealthy.
 q - the orb of Yriwoj {light, Dex+3}
   (You found it on level 3 of the Dungeon)

   Dex:       It affects your dexterity (+3).
 y - a +2 robe of resistance (worn)
 A - a +2 pair of gloves (worn)
 D - the +2 helmet "Zockiem" (worn) {rElec rC++}
   (You found it on level 2 of the Swamp)

   rC:        It greatly protects you from cold.
   rElec:     It insulates you from electricity.
 E - the scarf "Najew" (worn) {repulsion, rC+ Slay+3}
   (You bought it in a shop on level 2 of the Orcish Mines)

   Slay:      It affects your accuracy & damage with ranged weapons and melee
   (+3).
   rC:        It protects you from cold.
Jewellery
 i - an amulet of reflection (around neck)
 B - the ring of Vitamp {rC+ rCorr Str+2}
   (You found it on level 2 of the Swamp)

   [ring of resist corrosion]

   Str:       It affects your strength (+2).
   rC:        It protects you from cold.
   rCorr:     It protects you from acid and corrosion.
 C - a ring of willpower
 P - a ring of see invisible
 T - a ring of poison resistance (left hand)
 U - a ring of wizardry (right hand)
Wands
 m - a wand of light (2)
 H - a wand of paralysis (16)
 I - a wand of iceblast (29)
 J - a wand of digging (13)
 M - a wand of polymorph (23)
 R - a wand of mindburst (6)
 V - a wand of flame (76)
Scrolls
 a - 5 scrolls of fear
 c - 9 scrolls of amnesia
 e - 2 scrolls of butterflies
 g - 5 scrolls of magic mapping
 l - 2 scrolls of enchant armour
 t - a scroll of poison
 u - 6 scrolls of fog
 v - 15 scrolls of teleportation
 z - a scroll of blinking
Potions
 b - a potion of magic
 h - 9 potions of haste
 k - 7 potions of mutation
 n - 20 potions of curing
 o - a potion of cancellation
 r - 3 potions of berserk rage
 s - 2 potions of flight
 w - 7 potions of brilliance
 F - 2 potions of might
 K - 2 potions of resistance
 N - 4 potions of ambrosia
 O - 2 potions of invisibility
Miscellaneous
 L - a box of beasts
 Q - a lightning rod (4/4)
 X - a phantom mirror


   Skills:
 + Level 16.3 Fighting
 + Level 11.7 Staves
 - Level 4.0 Dodging
 - Level 2.1 Stealth
 - Level 12.0 Spellcasting
 - Level 8.0 Conjurations
 + Level 2.7 Translocations
 - Level 16.0 Transmutations
 + Level 17.6 Ice Magic
 - Level 4.0 Air Magic
 - Level 14.0 Evocations


You had 4 spell levels left.
You knew the following spells:

 Your Spells              Type           Power      Damage    Failure   Level
a - Ozocubu's Refrigerat  Ice            55%        4d19      1%          7
b - Frozen Ramparts       Ice            100%       1d16      1%          3
c - Ozocubu's Armour      Ice            100%       N/A       1%          3
d - Irradiate             Conj/Tmut      37%        3d24      1%          5
e - Polar Vortex          Ice            55%        N/A       47%         9
f - Hailstorm             Conj/Ice       97%        3d19      1%          3
g - Freeze                Ice            100%       1d10      1%          1
h - Freezing Cloud        Conj/Ice/Air   53%        6-21      1%          5
i - Blink                 Tloc           68%        N/A       5%          2

Your spell library contained the following spells:

 Spells                   Type           Power      Damage    Failure   Level
 Chain Lightning          Conj/Air       34%        3d46      100%        9
 Shatter                  Erth           13%        3d13*     100%        9
 Magic Dart               Conj           100%       1d8       1%          1
 Shock                    Conj/Air       100%       1d9       1%          1
 Searing Ray              Conj           100%       2d8       1%          2
 Ignite Poison            Fire/Tmut/Pois 65%        N/A       1%          3
 Mephitic Cloud           Conj/Pois/Air  58%        N/A       1%          3
 Ice Form                 Ice/Tmut       100%       N/A       1%          4
 Airstrike                Air            29%        2d(5-21)  3%          4
 Fulminant Prism          Conj/Hex       20%        3d12      3%          4
 Apportation              Tloc           68%        N/A       4%          1
 Petrify                  Tmut/Erth      78%        N/A       4%          4
 Summon Ice Beast         Ice/Summ       82%        N/A       4%          4
 Swiftness                Air            58%        N/A       6%          3
 Cigotuvi's Dreadful Rot  Necr/Pois/Air  76%        N/A       8%          2
 Necrotise                Necr           68%        1d7       9%          1
 Summon Small Mammal      Summ           68%        N/A       9%          1
 Gell's Gravitas          Tloc           34%        N/A       9%          3
 Teleport Other           Tloc           34%        N/A       9%          3
 Call Imp                 Summ           34%        N/A       11%         2
 Sublimation of Blood     Necr           17%        N/A       11%         2
 Portal Projectile        Hex/Tloc       52%        N/A       12%         3
 Tukima's Dance           Hex            17%        N/A       17%         3
 Manifold Assault         Tloc           34%        N/A       19%         4
 Passage of Golubria      Tloc           34%        N/A       19%         4
 Animate Dead             Necr           17%        N/A       38%         4
 Dispel Undead            Necr           17%        3d10      38%         4
 Blade Hands              Tmut           42%        N/A       1%          5
 Iskenderun's Battlesphe  Conj           60%        2d11      2%          5
 Metabolic Englaciation   Hex/Ice        41%        N/A       7%          5
 Dragon Form              Tmut           42%        N/A       9%          7
 Simulacrum               Ice/Necr       41%        N/A       21%         6
 Iron Shot                Conj/Erth      29%        9d6       26%         6
 Silence                  Hex/Air        22%        N/A       45%         5
 Storm Form               Tmut/Air       43%        N/A       47%         7
 Summon Forest            Summ/Tloc      13%        N/A       52%         5
 Summon Mana Viper        Hex/Summ       17%        N/A       65%         5
 Spellforged Servitor     Conj/Summ      20%        N/A       69%         7
 Dispersal                Tloc           17%        N/A       83%         6
 Death Channel            Necr           8%         N/A       98%         6
 Summon Cactus Giant      Summ           8%         N/A       98%         6
 Lehudib's Crystal Spear  Conj/Erth      29%        10d8      99%         8
 Haunt                    Necr/Summ      8%         N/A       100%        7
 Infestation              Necr           8%         N/A       100%        8


Dungeon Overview and Level Annotations

Branches:
Dungeon (15/15)            Temple (0/1) D:6            Lair (5/5) D:8
  Swamp (4/4) Lair:2        Snake (4/4) Lair:3        Slime (0/5) Lair:4
    Orc (2/2) D:9             Elf (0/3) Orc:2        Vaults (2/5) D:14
 Depths (0/4) D:15        Ossuary (visited)           IceCv (visited)
 WizLab (visited)
  Crypt: Vaults:2-3

Altars:
Dithmenos
Kikubaaqudgha
Makhleb
Qazlal
Uskayaw
Vehumet
Xom
Yredelemnul

Shops:
D:7 *   D:15 [   Orc:1 ?   Orc:2 [![!   Snake:1 !*   Snake:2 ?*??   Snake:3 (
Snake:4 (*?![*

Portals:
Trove: Vaults:1 (give 2 scrolls of acquirement)

Annotations:
Swamp:1 4 transporters, exclusion: orange crystal statue, dlwiii's ghost, journeyman DjCj
Snake:2 Roxanne


Innate Abilities, Weirdness & Mutations

((You are very nimble when in or above water. (Stealth+, EV+, Speed+++)))
Your lower body shifts to a powerful aquatic tail in water.
You have sharp fingernails.
Your mind is acute. (Int +4, Str/Dex -1)
Your muscles are strong. (Str +4, Int/Dex -1)
Your spells are a little harder to cast, but a little more powerful.


Message History

You are splashed with acid!
Unknown command.
Unknown command.
Unknown command.
Casting: Ozocubu's Refrigeration (dangerous; 1% risk of failure)
Confirm with . or Enter, or press ? or * to list all spells.
You feel a surge of power!
The heat is drained from your surroundings.
The brown very ugly thing is severely wounded. x3
You kill the orc knight!
Vehumet accepts your kill.
You feel your power returning. The brown very ugly thing punches you.
You are splashed with acid!
The brown very ugly thing basks in the mutagenic energy from its kin and changes!
The brown very ugly thing punches you. The acid corrodes you!
You are splashed with acid!
The brown very ugly thing punches you!! The acid corrodes you!
You are splashed with acid!
* * * LOW HITPOINT WARNING * * *
Unknown command.
Unknown command.
Unknown command.
Unknown command.
Casting: Ozocubu's Refrigeration (dangerous; 1% risk of failure)
Confirm with . or Enter, or press ? or * to list all spells.
You erupt in a fountain of uncontrolled magic!
The brown very ugly thing is blasted with magical radiation!!
The brown very ugly thing is almost dead.
The brown very ugly thing basks in the mutagenic energy and changes!
The purple very ugly thing is blasted with magical radiation!
The purple very ugly thing is almost dead.
The brown very ugly thing is blasted with magical radiation!
The brown very ugly thing is severely wounded.
The brown very ugly thing basks in the mutagenic energy and changes!
You are very lightly contaminated with residual magic.
The purple very ugly thing barely misses you.
The purple very ugly thing trunk-slaps you!!
* * * LOW HITPOINT WARNING * * *
The purple very ugly thing barely misses you.
The purple very ugly thing tail-slaps you!!
You die...

. . .. .. ...
... #...##
##...#
#.....###.....#
#......u)...#
#..).@u...#
###...u.###
###+###


You could see 3 very ugly things.

Vanquished Creatures
  3 deep elf master archers (WizLab)
  Frances (D:13)
  3 thorn hunters (WizLab)
  2 nagarajas
  3 fenstrider witches (WizLab)
  A caustic shrike zombie (D:15)
  3 vault wardens
  2 juggernaut zombies (D:15)
  5 ironbound preservers (Vaults:1)
  An ironbound thunderhulk (Vaults:1)
  The ghost of suzumiya the Bludgeoner, a journeyman GrFi of Fedhas (D:12)
  4 eleionomae
  2 bunyips (Swamp:3)
  A deep elf annihilator (Vaults:1)
  4 dire elephants (Vaults:1)
  Snorg (D:12)
  10 slime creatures
  2 shambling mangroves (WizLab)
  Josephine (D:13)
  8 vault guards
  A yaktaur captain (Vaults:2)
  A fire dragon (Swamp:4)
  Erolcha (D:9)
  A great orb of eyes (Vaults:1)
  3 salamander tyrants (Snake:4)
  2 ghost crabs
  An ogre mage (D:15)
  17 hydras
  6 anacondas
  13 centaur warriors
  2 catoblepae
  4 ironbound frosthearts (Vaults:1)
  9 two-headed ogres
  4 boulder beetles
  3 satyrs (WizLab)
  12 naga warriors
  8 alligators
  A vampire mage (D:15)
  A spriggan berserker (Swamp:3)
  5 shock serpents
  2 tengu warriors (D:15)
  3 deep elf knights
  Sonja (Lair:4)
  18 naga sharpshooters
  4 salamander mystics
  3 goliath frogs
  2 skeletal warriors (D:15)
  A death drake (Swamp:1)
  8 deep trolls
  6 spriggan druids
  A glowing orange brain (Vaults:2)
  3 bog bodies
  13 swamp dragons
  4 deep elf archers
  5 ironbound convokers
  A wizard (Vaults:1)
  7 naga ritualists
  Pikel (D:9)
  A necromancer (D:15)
  8 orc knights
  9 lindwurms
  6 deep elf zephyrmancers (D:12)
  6 cyclopes
  6 salamanders
  5 orc sorcerers
  16 ugly things
  12 deep elf pyromancers
  A wolf spider (Lair:5)
  2 will-o-the-wisps
  3 fauns (WizLab)
  An oklob plant (WizLab)
  7 manticores
  7 mana vipers
  31 black mambas
  Joseph (D:8)
  A guardian serpent (Lair:5)
  12 naga magi
  10 elephants
  2 gargoyles
  A guardian serpent (shapeshifter) (D:12)
  An ice statue (IceCv)
  7 vault sentinels (Vaults:1)
  A torpor snail (Lair:5)
  2 rime drakes
  8 yaktaurs
  13 cane toads
  7 komodo dragons
  2 tengu conjurers (D:14)
  An efreet (D:15)
  Psyche (D:8)
  9 trolls
  A merfolk (shapeshifter) (Vaults:1)
  2 raiju (Lair:5)
  10 polar bears
  Prince Ribbit (D:5)
  13 hornets
  A raiju (shapeshifter) (D:15)
  6 tyrant leeches
  26 blink frogs
  An ettin zombie (D:15)
  Sigmund (D:5)
  8 wraiths
  18 wyverns
  4 spriggans
  4 vampires
  A basilisk (shapeshifter) (D:14)
  48 yaks
  A dire elephant simulacrum (IceCv)
  6 basilisks
  Grum (D:8)
  3 steam dragons
  5 death yak simulacra (IceCv)
  18 vampire mosquitoes
  2 redbacks (Lair:5)
  Menkaure (D:5)
  A harpy simulacrum (IceCv)
  9 wargs
  39 nagas
  19 swamp worms
  2 acid dragons
  Duvessa (D:5)
  15 hell hounds (Lair:5)
  24 water moccasins
  5 swamp drakes (Swamp:4)
  43 orc warriors
  A sky beast (D:4)
  13 black bears
  A boggart (Vaults:2)
  8 centaurs
  An ice beast (D:8)
  13 ogres
  25 wolves
  3 lemures (D:9)
  An elf zombie (Ossuary)
  2 phantoms
  11 bullfrogs
  6 kobold brigands
  8 gnoll sergeants
  3 scorpions
  5 two-headed ogre simulacra (IceCv)
  Dowan (D:5)
  17 wights
  5 killer bees (D:10)
  3 howler monkeys
  2 centaur zombies (Ossuary)
  4 gnoll boudas
  3 jellies
  3 lava snakes (Lair:3)
  A human zombie (Ossuary)
  2 hounds
  15 orc priests
  2 sleepcaps
  4 iguanas
  31 orc wizards
  3 troll simulacra (IceCv)
  A wolf simulacrum (IceCv)
  A polar bear simulacrum (IceCv)
  6 spriggan simulacra (IceCv)
  2 mummies (Ossuary)
  35 gnolls
  5 adders
  3 naga simulacra (IceCv)
  6 white imps
  7 ufetubi (IceCv)
  An adder zombie (Ossuary)
  3 worms
  8 dart slugs
  85 orcs
  7 ball pythons
  14 endoplasms
  3 giant cockroaches
  14 hobgoblins
  4 jackals
  11 kobolds
  7 quokkas
  4 bats (D:1)
  6 frilled lizards
  15 goblins
  A goblin zombie (Ossuary)
  10 hobgoblin zombies (Ossuary)
  11 kobold zombies (Ossuary)
  8 orc zombies (Ossuary)
  7 rats
  2 rat zombies (Ossuary)
1260 creatures vanquished.

Vanquished Creatures (others)
  An unseen horror (D:12)
  A bloated husk (Swamp:1)
  6 foxfires
8 creatures vanquished.

Grand Total: 1268 creatures vanquished

Notes
Turn   | Place    | Note
-------+----------+-------------------------------------------
     0 | D:1      | safid the Merfolk Ice Elementalist began the quest for the
                  | Orb.
     0 | D:1      | Reached XP level 1. HP: 13/13 MP: 3/3
   190 | D:1      | Reached XP level 2. HP: 19/20 MP: 1/5
   270 | D:1      | Reached skill level 1 in Fighting
   556 | D:1      | Reached XP level 3. HP: 26/26 MP: 4/6
  1073 | D:2      | Reached skill level 5 in Ice Magic
  1081 | D:2      | Reached XP level 4. HP: 29/33 MP: 1/8
  1101 | D:2      | Learned a level 3 spell: Frozen Ramparts
  1105 | D:2      | Learned a level 3 spell: Ozocubu's Armour
  2270 | D:3      | Identified the orb of Yriwoj {light, Dex+3}
  2501 | D:3      | Reached XP level 5. HP: 29/39 MP: 9/9
  2895 | D:4      | Noticed a sky beast
  2906 | D:4      | Killed a sky beast
  3037 | D:4      | Reached XP level 6. HP: 47/47 MP: 4/11
  3299 | D:4      | Reached skill level 6 in Ice Magic
  3960 | D:4      | Reached XP level 7. HP: 47/55 MP: 11/13
  4202 | D:5      | Entered Level 5 of the Dungeon
  4231 | D:5      | Noticed Menkaure
  4252 | D:5      | Killed Menkaure
  4253 | D:5      | Reached skill level 5 in Fighting
  4255 | D:5      | Found a sand-covered staircase.
  4264 | Ossuary  | Entered an ossuary
  4538 | Ossuary  | Reached skill level 5 in Spellcasting
  4538 | Ossuary  | Reached skill level 7 in Ice Magic
  4538 | Ossuary  | Reached XP level 8. HP: 45/63 MP: 5/15
  4832 | D:5      | Found a large runed translucent door.
  4832 | D:5      | Found a large runed translucent door.
  4833 | D:5      | Found a shimmering altar of Xom.
  4904 | D:5      | Noticed Prince Ribbit
  4910 | D:5      | Killed Prince Ribbit
  4911 | D:5      | Noticed Sigmund
  4913 | D:5      | Noticed Duvessa
  4928 | D:5      | Killed Sigmund
  4932 | D:5      | Killed Duvessa
  4933 | D:5      | Reached skill level 8 in Ice Magic
  5043 | D:5      | Noticed Dowan
  5054 | D:5      | Killed Dowan
  5642 | D:5      | Reached XP level 9. HP: 68/71 MP: 12/18
  5776 | D:5      | Identified 2 scrolls of acquirement
  5790 | D:5      | Acquired 969 gold pieces
  5791 | D:5      | Acquired the +3 Elemental Staff {rElec rF+ rC+ AC+3}
  5791 | D:5      | Found the +3 Elemental Staff {rElec rF+ rC+ AC+3}
  5917 | D:6      | Found a hide-covered altar of Uskayaw.
  5945 | D:6      | Learned a level 3 spell: Hailstorm
  6019 | D:6      | Found a radiant altar of Vehumet.
  6026 | D:6      | Became a worshipper of Vehumet
  6029 | D:6      | Found an ancient bone altar of Kikubaaqudgha.
  6035 | D:6      | Reached skill level 1 in Evocations
  6200 | D:6      | Reached skill level 1 in Staves
  6409 | D:6      | Found a staircase to the Ecumenical Temple.
  6593 | D:6      | Learned a level 5 spell: Freezing Cloud
  7049 | D:7      | Reached skill level 9 in Ice Magic
  7128 | D:7      | Noticed a hornet
  7133 | D:7      | Killed a hornet
  7518 | D:7      | Found Pyohih's Assorted Antiques.
  7536 | D:7      | Reached * piety under Vehumet
  7536 | D:7      | Offered knowledge of Foxfire by Vehumet.
  7570 | D:7      | Bought a scroll of identify for 48 gold pieces
  7570 | D:7      | Bought a scroll of identify for 48 gold pieces
  7669 | D:7      | Reached XP level 10. HP: 80/80 MP: 13/20
  8114 | D:7      | You fall into a shaft and drop 3 floors!
  8114 | D:10     | Entered Level 10 of the Dungeon
  8158 | D:10     | Reached skill level 10 in Ice Magic
  8210 | D:10     | Reached skill level 5 in Evocations
  8243 | D:10     | Noticed a gargoyle
  8359 | D:9      | Found a staircase to the Orcish Mines.
  8366 | D:9      | Offered knowledge of Searing Ray by Vehumet.
  8376 | D:9      | Reached ** piety under Vehumet
  8651 | D:8      | Noticed a two-headed ogre
  8659 | D:8      | Noticed Joseph
  9179 | D:8      | Reached XP level 11. HP: 76/81 MP: 16/22
  9211 | D:8      | Reached skill level 11 in Ice Magic
  9353 | D:8      | Offered knowledge of Volatile Blastmotes by Vehumet.
  9564 | D:8      | Reached *** piety under Vehumet
  9574 | D:8      | Killed a two-headed ogre
  9820 | D:8      | Found a staircase to the Lair.
  9839 | D:8      | Noticed Psyche
  9849 | D:8      | Killed Psyche
  9856 | D:8      | Paralysed by Joseph for 4 turns
  9867 | D:8      | Killed Joseph
 10103 | D:8      | Noticed Grum
 10112 | D:8      | Killed Grum
 10436 | D:8      | Learned a level 5 spell: Irradiate
 10592 | D:8      | Found a burning altar of Makhleb.
 10734 | D:9      | Noticed Pikel
 10746 | D:9      | Killed Pikel
 11049 | D:9      | Offered knowledge of Dazzling Flash by Vehumet.
 11050 | D:9      | Reached skill level 1 in Transmutations
 11099 | D:9      | Reached skill level 1 in Conjurations
 11176 | D:9      | Noticed Erolcha
 11219 | D:9      | Killed Erolcha
 11220 | D:9      | Reached XP level 12. HP: 56/96 MP: 18/24
 11869 | D:10     | Reached skill level 12 in Ice Magic
 12308 | Lair:1   | Entered Level 1 of the Lair of Beasts
 12559 | Lair:1   | Found a basalt altar of Yredelemnul.
 12576 | Lair:1   | Reached **** piety under Vehumet
 12783 | Lair:1   | Offered knowledge of Mephitic Cloud by Vehumet.
 13361 | Lair:2   | Noticed a five-headed hydra
 13373 | Lair:2   | Killed a five-headed hydra
 13374 | Lair:2   | Reached skill level 5 in Staves
 13406 | Lair:2   | Noticed a six-headed hydra
 13416 | Lair:2   | Killed a six-headed hydra
 13719 | Lair:2   | Found a staircase to the Swamp.
 14020 | Lair:2   | Reached skill level 10 in Fighting
 14151 | Lair:2   | Noticed a boulder beetle
 14196 | Lair:2   | Killed a boulder beetle
 15061 | Lair:3   | Reached skill level 5 in Transmutations
 15086 | Lair:3   | Reached XP level 13. HP: 103/103 MP: 21/25
 15409 | Lair:3   | Found a staircase to the Snake Pit.
 15524 | Lair:3   | Reached ***** piety under Vehumet
 15524 | Lair:3   | Offered knowledge of Ozocubu's Refrigeration by Vehumet.
 15533 | Lair:3   | Learned a level 7 spell: Ozocubu's Refrigeration
 16019 | Lair:3   | Found a shimmering altar of Xom.
 16040 | Lair:3   | Reached skill level 10 in Evocations
 16523 | Lair:4   | Noticed Sonja
 16527 | Lair:4   | Killed Sonja
 16824 | Lair:4   | Found a staircase to the Slime Pits.
 17568 | Lair:5   | Entered Level 5 of the Lair of Beasts
 17828 | Lair:5   | Found a frozen archway.
 17844 | IceCv    | Entered an ice cave
 18429 | IceCv    | Offered knowledge of Spellforged Servitor by Vehumet.
 19020 | IceCv    | Noticed a reaper
 19391 | Lair:4   | Upgraded the game from 0.30.0-29-ga12c61a403 to
                  | 0.30.0-30-g96aa6591b8
 19398 | Lair:5   | Reached skill level 13 in Ice Magic
 19523 | Lair:5   | Reached XP level 14. HP: 109/113 MP: 13/27
 20385 | Lair:5   | Reached skill level 5 in Conjurations
 21035 | Lair:5   | Reached skill level 10 in Spellcasting
 21248 | Lair:5   | Reached skill level 1 in Air Magic
 21425 | Lair:5   | Offered knowledge of Orb of Destruction by Vehumet.
 22971 | Orc:1    | Entered Level 1 of the Orcish Mines
 22982 | Orc:1    | Reached XP level 15. HP: 108/120 MP: 24/29
 23059 | Orc:1    | Reached ****** piety under Vehumet
 23305 | Orc:1    | Found Daning's Magic Scroll Boutique.
 23340 | Orc:1    | Bought a scroll of identify for 30 gold pieces
 23340 | Orc:1    | Bought 3 scrolls of identify for 90 gold pieces
 23340 | Orc:1    | Bought a scroll of blinking for 112 gold pieces
 23340 | Orc:1    | Bought a scroll of fear for 60 gold pieces
 23340 | Orc:1    | Bought a scroll of fear for 60 gold pieces
 23509 | Orc:2    | Entered Level 2 of the Orcish Mines
 23510 | Orc:2    | Found a staircase to the Elven Halls.
 24250 | Orc:2    | Offered knowledge of Plasma Beam by Vehumet.
 24495 | Orc:2    | Found Leplyeh's Antique Armour Shop.
 24495 | Orc:2    | Found Jodomokk's Distillery.
 24681 | Orc:2    | Found Pauman's Armour Shop.
 24681 | Orc:2    | Found Ludar's Distillery.
 24923 | Orc:1    | Reached skill level 14 in Ice Magic
 25178 | Orc:2    | Bought a faintly glowing orb for 364 gold pieces
 25178 | Orc:2    | Identified the orb "Mix Muir" {*channel, Stlth+} (You
                  | bought it in a shop on level 2 of the Orcish Mines)
 25208 | Orc:2    | Bought the scarf "Najew" {repulsion, rC+ Slay+3} for 512
                  | gold pieces
 25254 | Orc:2    | Bought 2 potions of haste for 240 gold pieces
 25254 | Orc:2    | Bought a potion of curing for 36 gold pieces
 25254 | Orc:2    | Bought a potion of haste for 120 gold pieces
 25254 | Orc:2    | Bought a potion of curing for 36 gold pieces
 25286 | Orc:2    | Bought a potion of curing for 45 gold pieces
 25286 | Orc:2    | Bought a potion of curing for 45 gold pieces
 25286 | Orc:2    | Bought a potion of haste for 150 gold pieces
 25286 | Orc:2    | Bought 2 potions of haste for 300 gold pieces
 25760 | D:12     | Noticed Snorg
 25774 | D:12     | Killed Snorg
 26201 | D:12     | Offered knowledge of Iron Shot by Vehumet.
 26257 | D:12     | Reached skill level 10 in Transmutations
 26365 | D:12     | Identified the staff of poison "Muarorph" {rPois Str+3
                  | Stlth+}
 26459 | D:12     | Acquired 375 gold pieces
 26532 | D:12     | Found a runed translucent door.
 26538 | D:12     | Noticed suzumiya's ghost (journeyman GrFi)
 26983 | D:12     | Killed suzumiya's ghost
 26992 | D:12     | Identified the staff of cold "Kesitis" {rC+ Dex+3 Stlth+}
 27459 | D:13     | Noticed Frances
 27471 | D:13     | Killed Frances
 27637 | D:13     | Noticed Josephine
 27649 | D:13     | Killed Josephine
 27858 | D:13     | Reached XP level 16. HP: 97/129 MP: 30/30
 27953 | D:13     | Identified the +5 rapier "Spiderbane" {venom, rPois}
 28868 | D:14     | Found a gate to the Vaults.
 29545 | D:15     | Entered Level 15 of the Dungeon
 29822 | D:15     | Found a staircase to the Depths.
 29849 | D:15     | Found a shadowy altar of Dithmenos.
 30063 | D:15     | Offered knowledge of Yara's Violent Unravelling by Vehumet.
 30118 | D:15     | Found an ancient bone altar of Kikubaaqudgha.
 31245 | D:15     | Gained mutation: Your body sometimes deteriorates upon
                  | taking damage. [mutagenic glow]
 31400 | D:15     | Lost mutation: Your body sometimes deteriorates upon taking
                  | damage. [potion of mutation]
 31400 | D:15     | Gained mutation: Your spells are a little harder to cast,
                  | but a little more powerful. [potion of mutation]
 31400 | D:15     | Gained mutation: Your muscles are strong. (Str +4, Int/Dex
                  | -1) [potion of mutation]
 31400 | D:15     | Gained mutation: You have sharp fingernails. [potion of
                  | mutation]
 31400 | D:15     | Gained mutation: Your mind is acute. (Int +4, Str/Dex -1)
                  | [potion of mutation]
 31446 | D:15     | Found Adeaf's Antique Armour Emporium.
 31734 | Snake:1  | Entered Level 1 of the Snake Pit
 31884 | Snake:1  | Reached skill level 15 in Ice Magic
 32214 | Snake:1  | Found Xycep's Neck Hole.
 32383 | Snake:1  | Reached XP level 17. HP: 91/137 MP: 17/32
 32578 | Snake:1  | Found Eseuwow's Distillery.
 32587 | Snake:1  | Bought a potion of curing for 33 gold pieces
 32587 | Snake:1  | Bought a potion of heal wounds for 55 gold pieces
 32587 | Snake:1  | Bought a potion of haste for 110 gold pieces
 32587 | Snake:1  | Bought a potion of mutation for 88 gold pieces
 32587 | Snake:1  | Bought a potion of curing for 33 gold pieces
 32587 | Snake:1  | Bought a potion of ambrosia for 88 gold pieces
 32814 | Snake:2  | Found Bevych's Magic Scroll Boutique.
 32907 | Snake:2  | Found Uckacvach's Magic Scroll Boutique.
 32907 | Snake:2  | Found Uvaynaed's Assorted Antiques.
 32912 | Snake:2  | Bought a scroll of teleportation for 48 gold pieces
 32912 | Snake:2  | Bought a scroll of enchant armour for 120 gold pieces
 32912 | Snake:2  | Bought a scroll of magic mapping for 120 gold pieces
 32912 | Snake:2  | Bought a scroll of enchant armour for 120 gold pieces
 32912 | Snake:2  | Found Ytati Bisod's Magic Scroll Shop.
 32915 | Snake:2  | Bought a scroll of teleportation for 45 gold pieces
 32925 | Snake:2  | Bought a scroll of magic mapping for 135 gold pieces
 32925 | Snake:2  | Bought a scroll of acquirement for 936 gold pieces
 32928 | Snake:2  | Bought a scroll of teleportation for 99 gold pieces
 32928 | Snake:2  | Bought a potion of haste for 330 gold pieces
 32928 | Snake:2  | Bought a scroll of enchant armour for 247 gold pieces
 32928 | Snake:2  | Acquired the +2 hat "Rijethriy" {rC+}
 33087 | Snake:2  | Noticed Roxanne
 33136 | Snake:2  | Found a stormy altar of Qazlal.
 33746 | Snake:3  | Found Uczeperch's Antique Weapon Shop.
 33746 | Snake:3  | Identified the +2 flail "Spider's Peril" {vamp, Dex+6}
 34357 | Snake:3  | Offered knowledge of Maxwell's Capacitive Coupling by
                  | Vehumet.
 34501 | Snake:4  | Entered Level 4 of the Snake Pit
 34856 | Snake:4  | Found Notrea Taese's General Store.
 34858 | Snake:4  | Found Ihoculytti's Distillery.
 34858 | Snake:4  | Found Ukhuz's Armour Shop.
 34873 | Snake:4  | Found Atso Tif's Magic Scroll Shoppe.
 34876 | Snake:4  | Found Zam Qomm's Weapon Emporium.
 34876 | Snake:4  | Found Vaesol's Assorted Antiques.
 36457 | Snake:4  | Got a serpentine rune of Zot
 36667 | Swamp:1  | Entered Level 1 of the Swamp
 36711 | Swamp:1  | Found a transporter.
 36714 | Swamp:1  | Noticed dlwiii's ghost (journeyman DjCj)
 36986 | Swamp:1  | Offered knowledge of Shatter by Vehumet.
 36986 | Swamp:1  | Offered knowledge of Chain Lightning by Vehumet.
 36986 | Swamp:1  | Offered knowledge of Polar Vortex by Vehumet.
 37012 | Lair:2   | Learned a level 9 spell: Polar Vortex
 37043 | Swamp:1  | Found a transporter.
 37108 | Swamp:1  | Reached XP level 18. HP: 59/147 MP: 18/33
 37410 | Swamp:1  | Reached skill level 10 in Staves
 37534 | Swamp:1  | Found a transporter.
 37535 | Swamp:1  | Noticed a tentacled monstrosity
 37536 | Swamp:1  | Noticed a tentacled monstrosity
 37566 | Swamp:1  | Found a transporter.
 38051 | Swamp:2  | Found a transporter.
 38375 | Swamp:2  | Found a transporter.
 38797 | Swamp:2  | Identified the ring of Vitamp {rC+ rCorr Str+2}
 38800 | Swamp:2  | Identified the +2 helmet "Zockiem" {rElec rC++}
 39022 | Swamp:3  | Reached skill level 16 in Ice Magic
 39965 | Snake:4  | Bought a scroll of teleportation for 48 gold pieces
 39970 | Snake:4  | Bought a pair of fine boots for 408 gold pieces
 39970 | Snake:4  | Identified the +1 pair of boots "Moru" {*Slow Str+4} (You
                  | bought it in a shop on level 4 of the Snake Pit)
 39970 | Snake:4  | Bought a scroll of teleportation for 129 gold pieces
 39980 | Snake:4  | Bought a potion of curing for 57 gold pieces
 39980 | Snake:4  | Bought a potion of curing for 57 gold pieces
 40540 | Swamp:4  | Entered Level 4 of the Swamp
 41125 | Swamp:4  | Reached skill level 15 in Fighting
 41539 | Swamp:4  | Got a decaying rune of Zot
 42298 | Vaults:1 | Entered Level 1 of the Vaults
 42351 | Vaults:1 | HP: 3/149 [centaur warrior/arrow (8)]
 42362 | Vaults:1 | Reached skill level 15 in Transmutations
 42478 | Vaults:1 | Found a magical portal.
 42483 | WizLab   | Entered Eringya's Formal Garden
 42960 | WizLab   | Reached XP level 19. HP: 138/155 MP: 30/35
 43427 | WizLab   | Reached skill level 17 in Ice Magic
 43458 | WizLab   | HP: 5/157 [yaktaur/bolt (14)]
 44948 | WizLab   | Found a blossoming altar of Fedhas.
 45213 | Vaults:1 | Found a portal to a secret trove of treasure.
 45330 | Vaults:1 | Learned a level 2 spell: Blink
 45341 | Vaults:1 | Identified the +9 glaive of the Land of Plenty {heavy,
                  | Int+2}
 45507 | Vaults:1 | Identified the +3 ring mail of Vlad {rC+ Str+3}
 45795 | Vaults:1 | Reached skill level 1 in Translocations
 47412 | Vaults:2 | Demolished by a purple very ugly thing

Illustrated notes

Levels and vault maps discovered:
D:1:      erik_arrival_blinker_ship, layout_basic, minmay_tall_x
D:2:      layout_basic, minmay_goblin_outpost
D:3:      layout_loops_ring, fountainhead
D:4:      layout_basic, chequers_serial_rivers_micro_a, minmay_misc_feat_alley,
          minivault_4
D:5:      due_chaos_kobolds, layout_basic, enter_ossuary_3, uniq_duvessa,
          uniq_sigmund, uniq_menkaure, uniq_prince_ribbit1
D:6:      nicolae_cairo_tiling_large, layout_basic, nicolae_uskayaw_dance_hall,
          mainiacjoe_overflow_large_starburst, minmay_temple_entry_from_below_a,
          serial_curves, eino_curves_03, eino_curves_04
D:7:      layout_rooms, serial_shops, shop, hangedman_abyss_or_decor_stagger
D:8:      layout_cave_pools, makhleb_blood_cavern_becter,
          minmay_lair_entry_grove, serial_column_ruins, column_ruins_hut,
          column_ruins_hut_pillars, column_ruins_open_medium,
          column_ruins_open_small_water, column_ruins_columns_straight,
          uniq_joseph, uniq_psyche, uniq_grum
D:9:      layout_long_grid, kennysheep_orc_monster_closet_entryway,
          serial_glass, glass_columns_b, glass_columns_a, feat_on_display,
          due_unseen_surprise, feat_on_display, feat_on_display,
          kennysheep_generic_room_16, uniq_erolcha, uniq_pikel
D:10:     layout_cave_pools
D:11:     minmay_goldmine, layout_irregular_city
D:12:     minmay_elf_outpost, layout_loops_cross, ebering_ghost_reflecting_pool,
          uniq_snorg
D:13:     layout_roguey, serial_glass, glass_columns_c, glass_columns_c,
          minmay_lindwurm_lava, uniq_josephine, uniq_frances
D:14:     layout_irregular_city, david_vaults_5, moated_statue
D:15:     gammafunk_depths_entry_grave, layout_rooms,
          nicolae_kikubaaqudgha_miasma_corner, serial_shops, shop,
          grunt_dithmenos_smoke_and_mirrors
Lair:1:   layout_cave_pods, basic_altar
Lair:2:   layout_chaotic_city, palyth_hydra_swamp_entry
Lair:3:   layout_regular_city, nicolae_snake_entry_warm_welcome,
          lemuel_centaur_altar, grunt_megastairs_1
Lair:4:   layout_roguey, slime_entry_1, st_stairs_4, serial_bayou_shore_b,
          uniq_sonja
Lair:5:   hangedman_lair_caniforms_friends, layout_gridlike,
          hangedman_lair_tendril_chambers, portal_ice_cave_entry_pillars_1
Swamp:1:  gammafunk_sealed_arena, layout_falls_marsh, gammafunk_ghost_mausoleum,
          hangedman_swamp_ruin_wall, infiniplex_staircase_pool
Swamp:2:  gammafunk_worm_tunnel, layout_basic_swamp,
          evilmike_swamp_ruin_house_1, swamp_pool3,
          nicolae_swamp_stuck_in_the_mud
Swamp:3:  cheibrodos_swamp_heart_of_darkness, layout_basic_swamp,
          evilmike_swamp_ruin_house_5
Swamp:4:  swamp_alternative, layout_basic_swamp
Snake:1:  layout_onion_interference, serial_shops, shop,
          nicolae_shop_sticking_my_neck_out
Snake:2:  layout_gridlike, basic_altar, nicolae_snake_slithery_hallway,
          minmay_shoptagon, uniq_roxanne
Snake:3:  layout_basic, serial_shops, nicolae_shop_competitors_out_of_business
Snake:4:  snake_pit, layout_misc_corridors, nicolae_snake_serpentine_bazaar
Orc:1:    layout_caves, serial_shops, nicolae_shop_waterfront
Orc:2:    st_orc_town, layout_diamond_mine
Vaults:1: mu_enter_wizlab_2, nicolae_vaults_little_squares_5,
          ontoclasm_vaults_ring_small, vaults_dpeg_doors,
          nicolae_vaults_network_periphery, hangedman_vaults_variations,
          nicolae_vaults_mini_display_case, nicolae_vaults_tetromino_L_2,
          v_misc_29, v_misc_32, vaults_room_guarded_vault,
          nicolae_vaults_yaktaur_gun_rack, nicolae_vaults_shelves_hall,
          layout_vaults_big_cross, nicolae_trove_entry_crystal
Vaults:2: nicolae_vaults_stairing_the_circle, minmay_crypt_entry_simple_box,
          nicolae_vaults_variable_pillar_hall, vaults_room_fours,
          ontoclasm_vaults_eye, nicolae_vaults_closet_pinwheel_1,
          layout_vaults_omnigrid

Skill      XL: |  1  2  3  4  5  6  7  8  9 10 11 12 13 14 15 16 17 18 19 |
---------------+----------------------------------------------------------+-----
Fighting       | 1 2 3 4 5 6 7 8 9 10 11 12 13 14 15 16 | 16.3
Ice Magic      | 5 6 7 8 9 10 11 12 13 14 15 16 17 | 17.6
Spellcasting   | 3 4 5 6 7 8 9 10 11 12 | 12.0
Evocations     | 3 6 8 9 11 12 13 14 | 14.0
Staves         | 2 3 4 5 6 7 8 9 11 | 11.7
Dodging        | 4 |  4.0
Transmutations | 2 5 7 9 10 11 13 15 16 | 16.0
Conjurations   | 1 3 4 5 6 7 8 |  8.0
Air Magic      | 2 3 4 |  4.0
Translocations | 2 |  2.7
Stealth        | |  2.1

Action                     |  1- 3 |  4- 6 |  7- 9 | 10-12 | 13-15 | 16-18 | 19-21 || total
---------------------------+-------+-------+-------+-------+-------+-------+-------++-------
  Melee: Unarmed           |     8 |       |       |       |       |       |       ||     8
         Short sword       |    53 |    47 |       |       |       |       |       ||   100
         Punch             |     1 |       |       |       |       |       |       ||     1
         Whip              |       |    70 |   162 |       |       |       |       ||   232
         Staff             |       |       |    78 |   340 |   704 |   209 |    85 ||  1416
         Tailslap          |       |       |       |       |       |     1 |       ||     1
   Cast: Freeze            |    43 |    37 |     8 |    21 |       |       |       ||   109
         Frozen Ramparts   |       |     8 |    38 |    69 |   109 |    30 |     9 ||   263
         Ozocubu's Armour  |       |     3 |    25 |    61 |   101 |    33 |     8 ||   231
         Hailstorm         |       |       |       |     1 |       |       |       ||     1
         Ozocubu's Refrige |       |       |       |       |    81 |   339 |    93 ||   513
         Irradiate         |       |       |       |       |    14 |    25 |    10 ||    49
  Evoke: Wand              |       |       |       |       |       |     2 |       ||     2
    Use: Potion            |     1 |       |     2 |     4 |     5 |    11 |     2 ||    25
         Scroll            |       |       |    11 |     9 |    15 |     7 |     2 ||    44
   Stab: Sleeping          |     1 |     3 |     1 |       |     1 |     2 |     1 ||     9
         Distracted        |       |       |       |       |     1 |     2 |       ||     3
 Armour: Robe              |    24 |    16 |   106 |   146 |   308 |   161 |    56 ||   817
         Skin              |       |       |       |    18 |       |       |       ||    18
  Dodge: Dodged            |    95 |    87 |   162 |   297 |   497 |   189 |    84 ||  1411
         Repelled          |       |       |       |       |     3 |    13 |     7 ||    23
  Block: Orb               |       |       |       |     3 |   181 |    58 |    40 ||   282
         Reflection        |       |       |       |       |     8 |    11 |     5 ||    24
